[ AOE2 MATCH · #481422875 ]
1v1 RMBurgundians vs Magyars
Rival team · LOSS
[ REPLAY ANALYSIS · EXTRACTED FROM THE RECORDED GAME ]
Feudal
11:52
Castle
15:47
Imperial
29:41
| APM avg | 19.1 |
| APM peak | 52 |
| eAPM avg | 12.4 |
| Villagers / military | 107 / 99 |
Focus
⚔️ 20.3% · 🌾 79.7%
Hand Cannoneer ×85 · Trebuchet (Packed) ×9 · Bombard Cannon ×3 · Monk ×2
Feudal
—
Castle
—
Imperial
—
| APM avg | 19.9 |
| APM peak | 37 |
| eAPM avg | 16.7 |
| Villagers / military | 161 / 35 |
Focus
⚔️ 10.5% · 🌾 89.5%
Magyar Huszar ×33 · Spearman ×2
Match map
Initial resources + every placement click. Lines = walls · curves = elevation contours. ◆ gold · ⬟ stone · ● berries · ✦ relic · ◌ wall gap
Your base· ✓ Closed at 15:47 · 0t walls · 2 gate(s)
Rackeymen's base· ✓ Closed at 14:15 · 0t walls · 2 gate(s)
Smoothed initial terrain · ◌ = detected wall gap · hover for details
Inputs per minute
— CryAndDie - - Rackeymen
Build order — CryAndDie
First 150 of 251 actions detected
| 0:03 | Build | House |
| 0:04 | Build | House |
| 0:05 | Create | Villager (Male) |
| 0:05 | Create | Villager (Male) |
| 0:06 | Create | Villager (Male) |
| 0:06 | Create | Villager (Male) |
| 1:29 | Create | Villager (Male) |
| 1:53 | Build | Lumber Camp |
| 2:03 | Create | Villager (Male) |
| 2:27 | Create | Villager (Male) |
| 2:52 | Create | Villager (Male) |
| 3:25 | Create | Villager (Male) |
| 3:52 | Create | Villager (Male) |
| 3:52 | Create | Villager (Male) |
| 3:57 | Build | House |
| 3:58 | Build | House |
| 4:10 | Create | Villager (Male) |
| 4:11 | Create | Villager (Male) |
| 4:23 | Build | Mill |
| 4:33 | Create | Villager (Male) |
| 4:33 | Create | Villager (Male) |
| 4:36 | Build | House |
| 5:06 | Create | Villager (Male) |
| 5:06 | Create | Villager (Male) |
| 5:51 | Create | Villager (Male) |
| 5:51 | Create | Villager (Male) |
| 5:58 | Build | Farm |
| 5:59 | Create | Villager (Male) |
| 6:31 | Build | Farm |
| 6:32 | Create | Villager (Male) |
| 6:32 | Create | Villager (Male) |
| 6:51 | Research | Double-Bit Axe |
| 6:58 | Create | Villager (Male) |
| 7:12 | Create | Villager (Male) |
| 7:48 | Create | Villager (Male) |
| 7:48 | Create | Villager (Male) |
| 7:49 | Create | Villager (Male) |
| 8:59 | Build | Mining Camp |
| 9:11 | Research | Feudal Age |
| 10:00 | Build | Barracks |
| 10:02 | Build | House |
| 10:31 | Create | Villager (Male) |
| 10:31 | Create | Villager (Male) |
| 10:32 | Create | Villager (Male) |
| 11:52 | Age | Feudal Age |
| 11:55 | Build | Stable |
| 12:04 | Build | Blacksmith |
| 12:13 | Research | Horse Collar |
| 12:51 | Build | Farm |
| 12:52 | Build | Farm |
| 12:54 | Build | Farm |
| 12:58 | Build | Farm |
| 13:02 | Research | Castle Age |
| 13:05 | Build | Farm |
| 13:11 | Build | Farm |
| 13:14 | Build | Farm |
| 13:37 | Research | Bow Saw |
| 14:00 | Research | Heavy Plow |
| 14:20 | Research | Stone Mining |
| 15:18 | Build | Farm |
| 15:31 | Research | Wheelbarrow |
| 15:47 | Age | Castle Age |
| 15:50 | Build | Town Center |
| 15:59 | Build | Town Center |
| 16:08 | Research | Town Watch |
| 16:22 | Build | Farm |
| 16:28 | Build | Farm |
| 16:32 | Build | Farm |
| 16:39 | Build | Farm |
| 16:44 | Build | Farm |
| 16:51 | Build | Farm |
| 16:52 | Build | Farm |
| 17:09 | Create | Villager (Male) ×5 |
| 17:37 | Create | Villager (Male) ×2 |
| 18:05 | Build | Town Center |
| 18:06 | Create | Villager (Male) ×3 |
| 18:23 | Research | Gold Mining |
| 18:29 | Create | Villager (Male) |
| 18:36 | Build | Farm |
| 18:43 | Create | Villager (Male) |
| 18:51 | Create | Villager (Male) |
| 18:57 | Create | Villager (Male) |
| 19:10 | Create | Villager (Male) |
| 19:16 | Build | Farm |
| 19:22 | Build | Farm |
| 19:24 | Build | Farm |
| 19:29 | Build | Farm |
| 19:30 | Create | Villager (Male) ×3 |
| 19:36 | Build | House |
| 19:43 | Build | House |
| 19:44 | Build | House |
| 19:45 | Build | House |
| 19:46 | Build | House |
| 19:47 | Create | Villager (Male) ×3 |
| 20:03 | Build | House |
| 20:04 | Build | House |
| 20:05 | Build | House |
| 20:06 | Build | House |
| 20:19 | Create | Villager (Male) ×3 |
| 20:35 | Build | Town Center |
| 20:37 | Create | Villager (Male) ×4 |
| 20:43 | Build | Town Center |
| 20:47 | Create | Villager (Male) |
| 20:56 | Create | Villager (Male) ×2 |
| 21:13 | Build | Farm |
| 21:15 | Create | Villager (Male) ×3 |
| 21:32 | Build | Farm |
| 21:34 | Build | Farm |
| 21:35 | Build | Farm |
| 21:37 | Create | Villager (Male) ×2 |
| 21:50 | Build | Mill |
| 21:53 | Build | Farm |
| 21:54 | Build | Farm |
| 21:55 | Build | Farm |
| 21:56 | Build | Farm |
| 22:00 | Build | Farm |
| 22:01 | Create | Villager (Male) ×5 |
| 22:11 | Build | House |
| 22:11 | Build | House |
| 22:11 | Build | House |
| 22:11 | Build | House |
| 22:12 | Build | House |
| 22:12 | Build | House |
| 22:13 | Build | House |
| 22:13 | Build | House |
| 22:14 | Build | House |
| 22:15 | Create | Villager (Male) |
| 22:19 | Create | Villager (Male) |
| 22:35 | Build | Mill |
| 22:37 | Build | Farm |
| 22:38 | Build | Farm |
| 22:39 | Build | Farm |
| 22:40 | Build | Farm |
| 22:43 | Build | Farm |
| 22:44 | Create | Villager (Male) |
| 22:49 | Build | Farm |
| 22:50 | Create | Villager (Male) |
| 22:51 | Create | Villager (Male) ×3 |
| 22:52 | Create | Villager (Male) |
| 23:00 | Create | Villager (Male) |
| 23:01 | Create | Villager (Male) |
| 23:15 | Build | Farm |
| 23:16 | Build | Farm |
| 23:18 | Build | Farm |
| 23:19 | Create | Villager (Male) ×2 |
| 23:20 | Create | Villager (Male) |
| 23:20 | Create | Villager (Male) |
| 23:23 | Create | Villager (Male) |
| 23:29 | Create | Villager (Male) |
| 23:42 | Build | Monastery |
Build order — Rackeymen
First 150 of 323 actions detected
| 0:00 | Create | Villager (Male) |
| 0:01 | Create | Villager (Male) |
| 0:01 | Create | Villager (Male) |
| 0:02 | Build | House |
| 0:04 | Build | House |
| 0:16 | Create | Villager (Male) |
| 1:24 | Create | Villager (Male) |
| 1:50 | Build | Lumber Camp |
| 1:59 | Create | Villager (Male) |
| 2:32 | Create | Villager (Male) |
| 2:47 | Create | Villager (Male) |
| 2:59 | Create | Villager (Male) |
| 3:31 | Create | Villager (Male) |
| 3:51 | Build | House |
| 3:53 | Build | House |
| 3:54 | Build | House |
| 4:02 | Create | Villager (Male) |
| 4:31 | Create | Villager (Male) |
| 4:31 | Create | Villager (Male) |
| 4:34 | Build | Mill |
| 5:04 | Create | Villager (Male) |
| 5:05 | Create | Villager (Male) |
| 5:05 | Create | Villager (Male) |
| 5:39 | Create | Villager (Male) |
| 6:11 | Create | Villager (Male) |
| 6:11 | Create | Villager (Male) |
| 6:24 | Build | Mining Camp |
| 6:35 | Create | Villager (Male) |
| 6:35 | Create | Villager (Male) |
| 6:58 | Create | Villager (Male) |
| 7:47 | Create | Villager (Male) |
| 8:47 | Create | Villager (Male) |
| 8:47 | Create | Villager (Male) |
| 9:17 | Build | Mining Camp |
| 9:36 | Build | Farm |
| 9:37 | Build | Farm |
| 9:38 | Build | Farm |
| 9:40 | Build | Farm |
| 9:40 | Build | Farm |
| 9:41 | Build | Farm |
| 9:44 | Build | Farm |
| 9:48 | Build | Farm |
| 9:49 | Build | Farm |
| 9:54 | Research | Feudal Age |
| 10:53 | Build | Lumber Camp |
| 11:20 | Build | House |
| 11:51 | Build | House |
| 11:58 | Create | Villager (Male) |
| 12:05 | Research | Double-Bit Axe |
| 12:06 | Research | Horse Collar |
| 12:12 | Research | Wheelbarrow |
| 12:16 | Build | Blacksmith |
| 13:13 | Build | Market |
| 13:42 | Research | Loom |
| 14:04 | Build | House |
| 14:15 | Research | Castle Age |
| 14:54 | Build | House |
| 14:56 | Build | House |
| 15:08 | Build | House |
| 15:10 | Build | House |
| 15:14 | Build | House |
| 15:48 | Build | Barracks |
| 16:13 | Research | Scale Mail Armor |
| 16:48 | Build | Stable |
| 16:57 | Build | Town Center |
| 16:58 | Research | Hand Cart |
| 17:01 | Research | Bow Saw |
| 17:10 | Build | Town Center |
| 17:18 | Build | Farm |
| 17:24 | Create | Spearman |
| 17:39 | Build | Farm |
| 17:46 | Build | Farm |
| 17:50 | Build | Farm |
| 17:52 | Create | Villager (Male) |
| 18:04 | Create | Spearman |
| 18:20 | Create | Villager (Male) |
| 18:44 | Create | Villager (Male) |
| 18:57 | Build | Farm |
| 18:58 | Create | Villager (Male) |
| 19:00 | Build | Farm |
| 19:01 | Build | Farm |
| 19:07 | Create | Villager (Male) |
| 19:11 | Build | Farm |
| 19:16 | Build | Farm |
| 19:19 | Create | Villager (Male) |
| 19:36 | Build | Town Center |
| 19:38 | Create | Villager (Male) |
| 19:39 | Create | Villager (Male) |
| 19:40 | Create | Villager (Male) |
| 19:52 | Build | Farm |
| 19:55 | Build | Farm |
| 19:56 | Create | Villager (Male) |
| 19:57 | Create | Villager (Male) |
| 19:59 | Build | Farm |
| 20:04 | Build | Farm |
| 20:07 | Create | Villager (Male) |
| 20:18 | Build | Farm |
| 20:21 | Build | Farm |
| 20:25 | Create | Villager (Male) |
| 20:29 | Create | Villager (Male) |
| 20:33 | Create | Villager (Male) |
| 20:36 | Build | Farm |
| 20:38 | Build | Farm |
| 20:46 | Create | Villager (Male) |
| 20:54 | Create | Villager (Male) |
| 20:56 | Build | Farm |
| 21:01 | Create | Villager (Male) |
| 21:15 | Create | Villager (Male) |
| 21:17 | Create | Villager (Male) |
| 21:21 | Build | Farm |
| 21:24 | Create | Villager (Male) |
| 21:33 | Build | Farm |
| 21:41 | Build | Farm |
| 21:43 | Create | Villager (Male) |
| 21:46 | Build | Farm |
| 21:48 | Build | Farm |
| 21:49 | Build | Farm |
| 21:57 | Build | Farm |
| 21:58 | Build | Farm |
| 22:01 | Build | Farm |
| 22:03 | Create | Villager (Male) |
| 22:06 | Create | Villager (Male) |
| 22:08 | Build | Farm |
| 22:09 | Build | Farm |
| 22:10 | Build | Farm |
| 22:12 | Create | Villager (Male) |
| 22:13 | Create | Villager (Male) |
| 22:14 | Create | Villager (Male) |
| 22:19 | Create | Villager (Male) |
| 22:21 | Build | Farm |
| 22:25 | Create | Villager (Male) |
| 22:28 | Create | Villager (Male) |
| 22:34 | Build | Farm |
| 22:43 | Build | Farm |
| 22:44 | Build | Farm |
| 22:46 | Create | Villager (Male) |
| 22:48 | Create | Villager (Male) |
| 22:50 | Create | Villager (Male) |
| 23:01 | Research | Heavy Plow |
| 23:05 | Create | Villager (Male) |
| 23:08 | Build | Farm |
| 23:09 | Build | Farm |
| 23:10 | Build | Farm |
| 23:14 | Create | Villager (Male) |
| 23:15 | Create | Villager (Male) |
| 23:19 | Create | Villager (Male) |
| 23:25 | Build | Farm |
| 23:26 | Create | Villager (Male) |
| 23:31 | Create | Villager (Male) |
| 23:39 | Create | Villager (Male) |
Match timeline
| 10:00 | CryAndDie · first_building Barracks |
| 11:52 | CryAndDie · age_up feudal |
| 11:55 | CryAndDie · first_building Stable |
| 15:47 | CryAndDie · age_up castle |
| 15:48 | Rackeymen · first_building Barracks |
| 16:48 | Rackeymen · first_building Stable |
| 23:42 | CryAndDie · first_building Monastery |
| 24:34 | CryAndDie · first_building Castle |
| 26:27 | CryAndDie · first_building Archery Range |
| 27:34 | Rackeymen · first_building Monastery |
| 27:48 | Rackeymen · first_market_buy 100 stone |
| 29:25 | CryAndDie · first_building Siege Workshop |
| 29:41 | CryAndDie · age_up imperial |
| 32:15 | Rackeymen · first_building Castle |
| 36:36 | Rackeymen · resign |
[ AI ANALYSIS · 1 CREDIT ]
What really happened in this match?
Wolo.gg analyzes every decision: build order, eco, micro, common mistakes by bracket. Personalized analysis on WhatsApp or Discord in 30 seconds.
Civ guide
Burgundians
Map guide
Arena
Perfil
Jugador #549421